 Dungeon Crawl Stone Soup version 0.14-a0-181-gf6fe0c6 (webtiles) character file.

222 Malachi the Insei (level 4, -3/32 HPs)
             Began as a Demonspawn Transmuter on Oct 7, 2013.
             Slain by Malachi's ghost (7 damage)
             ... on Level 3 of the Dungeon.
             The game lasted 00:04:59 (2051 turns).

Malachi the Insei (Demonspawn Transmuter)           Turns: 2051, Time: 00:04:59

HP  -3/32        AC  3     Str 11      XL: 4   Next: 59%
MP   6/6         EV 13     Int 15      God:
Gold 113         SH  0     Dex 13      Spells:  1 memorised,  7 levels left

Res.Fire  : . . .   See Invis. : .   m - +0,+2 mace (distort)
Res.Cold  : . . .   Warding    : .   x - +0 robe (curse)
Life Prot.: . . .   Conserve   : .   (no shield)
Res.Poison: .       Res.Corr.  : .   (no helmet)
Res.Elec. : .       Clarity    : .   n - +0 cloak
Sust.Abil.: + .     Spirit.Shd : .   (no gloves)
Res.Mut.  : .       Stasis     : .   (no boots)
Res.Rott. : .       Flight     : .   (no amulet)
Saprovore : . . .                    (no ring)
                                     e - ring of sustain abilities

@: mildly poisoned, slightly resistant to hostile enchantments, unstealthy
A: spiny 1
a: no special abilities


You were on level 3 of the Dungeon.
You were hungry.

You visited 1 branch of the dungeon, and saw 3 of its levels.

You collected 93 gold pieces.

Inventory:

Hand weapons
 m - a +0,+2 mace of distortion (weapon)
Missiles
 b - 12 arrows
 f - 8 poisoned needles
Armour
 c - a +0 robe
 n - a +0 cloak (worn)
 x - a cursed +0 robe (worn)
Comestibles
 a - 2 bread rations
 o - a meat ration
 t - a choko
Scrolls
 h - 2 scrolls of amnesia {unknown}
 i - a scroll of blinking {unknown}
 j - 4 scrolls of remove curse
 k - a scroll of enchant weapon II
 l - a scroll of magic mapping {unknown}
 q - 2 scrolls of enchant weapon I {unknown}
 r - 2 scrolls of curse armour {unknown}
 s - a scroll of identify
 w - a scroll of fear {unknown}
Jewellery
 e - a ring of sustain abilities (left hand)
 g - an uncursed amulet of resist mutation {unknown}
 p - an uncursed amulet of warding {unknown}
Potions
 u - 3 potions of curing {unknown}
 v - 2 potions of magic {unknown}
Books
 d - a book of Changes

   Spells                             Type                      Level
   *Beastly Appendage                 Transmutation                1
   Sticks to Snakes                   Transmutation                2
   Spider Form                        Transmutation/Poison         3
   Ice Form                           Ice/Transmutation            4
   Blade Hands                        Transmutation                5


   Skills:
 + Level 1.1 Fighting
 + Level 2.6 Dodging
 + Level 0.6 Stealth
 * Level 3.6 Unarmed Combat
 + Level 2.5 Spellcasting
 + Level 2.3 Transmutations


You had 7 spell levels left.
You knew the following spells:

 Your Spells              Type           Power        Failure   Level  Hunger
a - Beastly Appendage     Trmt           #.....       12%         1    #......


Dungeon Overview and Level Annotations

Branches:
Dungeon (3/27)

Altars:

Annotations:
D:3 Malachi's ghost, weakling OpTm


Innate Abilities, Weirdness & Mutations

You are partially covered in sharp spines.


Message History

You hit Malachi's ghost.
Space bends around Malachi's ghost.
Malachi's ghost is moderately damaged.
Malachi's ghost hits you but does no damage.
You barely miss Malachi's ghost.
Malachi's ghost is moderately damaged.
Malachi's ghost hits you.
* * * LOW HITPOINT WARNING * * *
Malachi's ghost hits you.
* * * LOW HITPOINT WARNING * * *
You sock Malachi's ghost!
Malachi's ghost is severely damaged.
Malachi's ghost blinks!
There is an open door here.
Things that are here:
a dagger; an adder corpse You are too injured to fight recklessly!
You closely miss Malachi's ghost. Your punch misses Malachi's ghost.
Malachi's ghost is severely damaged.
Malachi's ghost hits you!
You die...

#.. #.# #####'#####
............#
#............##
#.............#
#.............#
.......p%......# #@#
#.#####.##...
#.....#.##...#
#####.......##....
+................
######....#.##..# #
##...#....#.##..##.##.
+....+...##.##....>..
#...###.##.##..##.##.


You could see Malachi's ghost.

Vanquished Creatures
  4 adders
  3 giant geckos (D:1)
  11 bats
  2 giant cockroaches
  9 goblins
  8 hobgoblins
  A quokka (D:3)
  A ball python (D:2)
  4 giant newts
  12 kobolds
  7 rats
62 creatures vanquished.

Vanquished Creatures (others)
  A worm (D:2)
1 creature vanquished.

Grand Total: 63 creatures vanquished

Notes
Turn   | Place    | Note
--------------------------------------------------------------
     0 | D:1      | Malachi, the Demonspawn Transmuter, began the quest for the Orb.
     0 | D:1      | Reached XP level 1. HP: 15/15 MP: 1/1
   282 | D:1      | Reached skill level 3 in Unarmed Combat
   322 | D:1      | Gained mutation: You are partially covered in sharp spines. [demonic ancestry]
   322 | D:1      | Reached XP level 2. HP: 8/21 MP: 3/3
   884 | D:1      | Reached XP level 3. HP: 19/26 MP: 4/4
  1217 | D:2      | Paralysed by a potion of paralysis for 2 turns
  1360 | D:2      | Reached XP level 4. HP: 25/32 MP: 6/6
  2033 | D:3      | Noticed Malachi's ghost (weakling OpTm)
  2051 | D:3      | Slain by Malachi's ghost

Action                   |  1- 3 |  4- 6 || total
-------------------------+-------+-------++-------
Melee: Unarmed           |    65 |       ||    65
       Mace              |    45 |    41 ||    86
 Cast: Beastly Appendage |     9 |       ||     9
  Use: Scroll            |     3 |       ||     3
       Potion            |     2 |       ||     2
